Match 34591196
Unlisted

Match 34591196
End
Pioneer Squad
Construct Infanterie Kompanie
Grenadier Squad
Grenadier Squad
Grenadier Squad
MG 42 Machine Gun Team
Construct Panzergrenadier Kompanie
251 Medium Carrier
Selects Mechanized Battlegroup
Selects Raid Package
Selects Mobile Repair Stations
Pak 40 Anti-tank Gun Team
Pak 40 Anti-tank Gun Team
Sniper
Medical Station
Pioneer Squad
Construct Panzer Kompanie
Selects StuG Assault Group
Selects UNKNOWN (2160084)
Stoßtruppen Squad
Stoßtruppen Squad
Panzer Officer Quarters
Selects Wespe Self-propelled Artillery
Selects Mechanized Assault
Panther Heavy Tank
Pioneer Squad
Panzer IV Medium Tank
Wespe Self-propelled Artillery
Mechanized Assault
Panzer IV Medium Tank
Side Skirts
Infanterie Officer Quarters
Mechanized Assault
Trainzz
jiro
0
0

Comments sign in to comment!

No comments posted yet!